AoeStats
← Lænsmannj

MegaRandom

510178619Analyzed
3v3 RM · 15h ago on Sep 29, 2026· 47m 18s· 6 players
Game mode
Random Map
Map size
Normal (6 player)
Population
200
Speed
Normal
Resources
Standard
Victory
Conquest
Starting age
Dark Age
Ending age
Imperial Age
RankedLock teamsTeams togetherTeam positionsShared explorationLock speedFull tech treeHidden civsTurbo modeCheats
Victory
Defeat
🇬🇧 Turks · United Kingdom
874
+27
🇺🇸 Bohemians · United States
864
+16
🇳🇴 Vikings · Norway
809
+18
🇮🇳 Saracens · India
950
-20
🇹🇷 Romans · Türkiye
817
-15
🇹🇷 Spanish · Türkiye
790
-14
ozgurulas90
15:23 Feudal Age
19:46 Castle Age
20:52 Gold Mining
20:47 Horse Collar
22:13 Man-at-Arms
23:07 Forging
22:57 Scale Mail Armor
23:27 Long Swordsman
24:21 Pikeman
25:02 Squires
29:50 Iron Casting
29:30 Chain Mail Armor
30:23 Gold Shaft Mining
29:41 Stone Mining
30:34 Heavy Plow
31:43 Scale Barding Armor
33:19 Town Watch
34:10 Wheelbarrow
33:20 Loom
40:37 Imperial Age
41:26 Legionary
41:29 Halberdier
BLYAAAT
1:50 Loom
14:09 Feudal Age
17:57 Castle Age
33:13 Scale Barding Armor
33:19 Forging
35:56 Light Cavalry
36:47 Bloodlines
36:38 Husbandry
46:55 Chain Barding Armor
47:10 Iron Casting
oguayd
12:22 Feudal Age
10:38 Loom
13:45 Wheelbarrow
12:56 Town Watch
14:35 Double-Bit Axe
22:30 Castle Age
24:07 Stone Mining
27:01 Horse Collar
28:46 Hand Cart
29:17 Gold Mining
32:43 Stone Shaft Mining
37:13 Town Patrol
37:43 Bloodlines
36:53 Light Cavalry
43:04 Bow Saw
Erdogan
12:10 Feudal Age
14:31 Loom
17:52 Castle Age
39:45 Imperial Age
41:16 Padded Archer Armor
43:00 Wheelbarrow
42:10 Horse Collar
42:41 Double-Bit Axe
43:51 Bow Saw
44:38 Bloodlines
46:38 Leather Archer Armor
Lænsmannj
12:10 Feudal Age
13:32 Double-Bit Axe
20:53 Castle Age
18:52 Fletching
19:09 Gold Mining
21:13 Loom
21:55 Bow Saw
21:27 Horse Collar
21:11 Pikeman
21:53 Squires
24:12 Bodkin Arrow
24:28 Fishing Lines
25:14 Heavy Plow
28:06 Gillnets
28:10 Crossbowman
30:07 Stone Mining
30:53 Gold Shaft Mining
37:11 Imperial Age
35:51 Scale Mail Armor
36:01 Forging
35:53 Padded Archer Armor
37:14 Onager
37:17 Capped Ram
37:45 Arbalester
37:50 Capped Ram
38:53 Man-at-Arms
40:59 Bracer
42:21 Caravan
44:49 Iron Casting
44:30 Chain Mail Armor
46:25 Siege Engineers
47:22 Chemistry
46:43 Ballistics
47:32 Chemistry
47:16 Crop Rotation
47:50 Blast Furnace
47:21 Plate Mail Armor
47:04 Chieftains
47:25 Conscription
46:53 Treadmill Crane
48:14 Chemistry
48:44 Two-Man Saw
keager241
0:38 Loom
12:53 Feudal Age
14:09 Wheelbarrow
13:38 Fishing Lines
14:06 Double-Bit Axe
14:03 Horse Collar
19:13 Castle Age
20:58 Gillnets
21:32 Bow Saw
22:15 Heavy Plow
23:31 Chemistry
23:11 Crossbowman
25:16 Hand Cart
28:38 Ballistics
28:53 Clinker Construction
34:43 Imperial Age
35:11 Wagenburg Tactics
37:24 Houfnice
38:49 Conscription
40:55 Elite Hussite Wagon
Connection lost

Rejoining the realm…

Still unreachable

The connection could not be restored.

Session expired

The server has moved on; the page needs a fresh start.